 Dungeon Crawl Stone Soup version 0.17-a0-1882-g750edc8 (webtiles) character file.

145 barthelm the Skirmisher (level 5, 0/33 HPs)
             Began as a Gargoyle Berserker on Sept 22, 2015.
             Was a Believer of Trog.
             Killed from afar by an orc wizard (9 damage)
             ... with a puff of flame
             ... on level 3 of the Dungeon.
             The game lasted 00:07:49 (1437 turns).

barthelm the Skirmisher (Gargoyle Berserker)        Turns: 1437, Time: 00:07:49

Health: 0/33       AC: 14    Str: 21    XL:     5   Next: 27%
Magic:  5/5        EV:  8    Int:  8    God:    Trog [**....]
Gold:   87         SH:  0    Dex:  9    Spells: 0 memorised, 4 levels left

rFire  . . .     SeeInvis .     a - +0 mace
rCold  . . .     Clarity  .     p - +1 chain mail {rPois}
rNeg   + . .     SustAt   .     (no shield)
rPois  ∞         Gourm    .     (no helmet)
rElec  +         Spirit   .     (no cloak)
rCorr  .         Warding  .     (no gloves)
rMut   .         Stasis   .     (no boots)
MR     .....                    (no amulet)
Stlth  ..........               (no ring)
                                (no ring)

@: exhausted, not resistant to hostile enchantments, extremely unstealthy
A: negative energy resistance 1, electricity resistance, unbreathing,
petrification resistance, rot immunity, AC +4
a: Burn Spellbooks, Berserk, Trog's Hand, Renounce Religion


You were on level 3 of the Dungeon.
You worshipped Trog.
Trog was pleased with you.
You were very hungry.

You visited 1 branch of the dungeon, and saw 3 of its levels.

You collected 87 gold pieces.

Inventory:

Hand weapons
 a - a +0 mace (weapon)
Missiles
 g - 13 stones (quivered)
Armour
 b - a +0 animal skin
 p - a +1 chain mail of poison resistance (worn)
 u - a +0 pair of boots
Scrolls
 e - a scroll of remove curse {unknown}
 f - a scroll of enchant weapon {unknown}
 h - 2 scrolls of recharging {unknown}
 i - a scroll of identify
 l - a scroll of amnesia {unknown}
 o - a scroll of immolation {unknown}
 r - 2 scrolls of fear {unknown}
 s - a scroll of teleportation {unknown}
Potions
 d - a potion of cure mutation {unknown}
 j - 2 potions of curing {unknown}
 k - 2 potions of flight {unknown}
 q - a potion of magic {unknown}
Comestibles
 c - 3 bread rations
 m - a meat ration
 n - 2 chunks of flesh
 t - a royal jelly


   Skills:
 + Level 3.9 Fighting
 + Level 3.8 Maces & Flails
 * Level 3.2 Armour
 + Level 3.0 Dodging


You had 4 spell levels left.
You didn't know any spells.

Dungeon Overview and Level Annotations

Branches:
Dungeon (3/15)

Altars:
Okawaru


Innate Abilities, Weirdness & Mutations

You are resistant to torment.
Your stone body is resilient (AC +4).
You are immune to poison.
You resist negative energy.
You are resistant to electric shocks.
You can survive without breathing.
You are immune to petrification.
You are immune to rotting.


Message History

Something tries to affect you, but you resist.
You closely miss something. Something hits you but does no damage.
You closely miss something. Something hits you but does no damage.
Something hits you but does no damage.
You barely miss something. Something hits you but does no damage.
Something hits you but does no damage.
You miss something.
An orc wizard appears from thin air!
Reactivating autopickup.
The orc wizard gestures at you while chanting.
The puff of flame hits you!
The orc wizard hits you but does no damage.
Your chain mail prevents you from hitting the orc wizard.
The orc wizard is moderately wounded.
The orc wizard hits you but does no damage. x2
You closely miss the orc wizard.
The orc wizard is moderately wounded.
You feel yourself speed up.
The orc wizard gestures at you while chanting.
The puff of flame hits you!
You die...

#### #..
.########.##### #.#
.........(....# #.#
#......)###.# #.#
###....o)[.##.# #.#
#......@)).##.# #.#
#.#........##.# #.#
#........##.###.###
#........##[......#
#........######.#.#
#........# #.#.#
########## #.#.#
#.#.#
############.#.#


You could see an orc wizard.

Vanquished Creatures
  An orc priest (D:3)
  An orc wizard (D:3)
  2 adders (D:3)
  4 orcs (D:3)
  3 giant cockroaches (D:2)
  10 goblins
  A hobgoblin (D:1)
  12 jackals
  5 bats
  4 giant geckos
  4 giant newts
  5 kobolds
  4 rats
56 creatures vanquished.

Notes
Turn   | Place    | Note
--------------------------------------------------------------
     0 | D:1      | barthelm the Gargoyle Berserker began the quest for the Orb.
     0 | D:1      | Reached XP level 1. HP: 14/14 MP: 1/1
    54 | D:1      | Reached XP level 2. HP: 2/19 MP: 2/2
   384 | D:1      | Acquired Trog's second power
   438 | D:1      | Reached XP level 3. HP: 16/23 MP: 3/3
  1087 | D:2      | Found an iron altar of Okawaru.
  1227 | D:3      | Reached XP level 4. HP: 25/29 MP: 4/4
  1407 | D:3      | Reached XP level 5. HP: 13/33 MP: 5/5
  1437 | D:3      | Killed from afar by an orc wizard

Vault maps used:
D:1:      dpeg_arrival_shrine, minmay_misc_feat_more_columns
D:2:      okawaru_gym_becter

Action                   |  1- 3 |  4- 6 || total
-------------------------+-------+-------++-------
Melee: Mace              |   131 |    77 ||   208
Invok: Berserk           |     2 |     1 ||     3
       Trog's Hand       |       |     1 ||     1
  Use: Scroll            |     1 |       ||     1
  Eat: Chunk             |     3 |     1 ||     4
